 Dungeon Crawl Stone Soup version 0.27-a0-650-g8dd3ea4f36 (webtiles) character file.

Game seed: 16436745488266356062

0 dickylongcocking the Sneak (level 1, 0/20 HPs)
             Began as a Deep Dwarf Delver on Mar 16, 2021.
             Was an Initiate of Makhleb.
             Slain by an adder (1 damage)
             ... on level 4 of the Dungeon.
             The game lasted 00:00:50 (184 turns).

dickylongcocking the Sneak (Deep Dwarf Delver)       Turns: 184, Time: 00:00:51

Health: 0/20       AC:  3    Str: 15    XL:     1   Next: 8%
Magic:  1/1        EV: 12    Int: 10    God:    Makhleb [......]
Gold:   0          SH:  0    Dex: 14    Spells: 0/0 levels left

rFire    . . .     SeeInvis .   a - +0 hand axe
rCold    . . .     Faith    .   (no shield)
rNeg     . . .     Spirit   .   b - +0 leather armour
rPois    .         Reflect  .   (no helmet)
rElec    .         Harm     .   (no cloak)
rCorr    .         Rampage  .   (no gloves)
Will     .....                  (no boots)
Stlth    +++.......             (no amulet)
HPRegen  0.00/turn              (no ring)
MPRegen  0.07/turn              (no ring)

@: non-regenerating
A: damage resistance, heal wounds, sense surroundings 1, no regeneration
a: Heal Wounds, Renounce Religion


You were on level 4 of the Dungeon.
You worshipped Makhleb.
Makhleb was noncommittal.
You visited 2 branches of the dungeon, and saw 3 of its levels.

Inventory:

Hand Weapons
 a - a +0 hand axe (weapon)
Armour
 b - a +0 leather armour (worn)
Wands
 g - a wand of digging (3)
Scrolls
 c - a scroll of fog
 e - a scroll of fear


   Skills:
 - Level 2.6 Fighting
 * Level 2.2 Axes
 - Level 2.1 Dodging
 - Level 6.0 Stealth


You couldn't memorise any spells.
You didn't know any spells.
Your spell library contained the following spells:

 Spells                   Type           Power      Damage    Failure   Level
 Sandblast                Erth           0%         2d4       43%         1
 Passwall                 Tmut/Erth      0%         N/A       56%         2
 Stone Arrow              Conj/Erth      0%         3d7       80%         3
 Petrify                  Tmut/Erth      0%         N/A       99%         4
 Lee's Rapid Deconstruct  Erth           0%         3d5*      100%        5


Dungeon Overview and Level Annotations

Branches:
Dungeon (5/15)             Temple (1/1) D:5

Altars:
Kikubaaqudgha
Makhleb
The Shining One

Annotations:
Temple Blork the orc


Innate Abilities, Weirdness & Mutations

You are resistant to damage.
You can heal yourself by infusing magical energy.
You passively map a small area around you.
You do not regenerate.


Message History

You feel aware of your surroundings.
You hear a distant slurping noise.
You open the door.
Found a robe.
There is an open door here.
Found a stone staircase leading up.
Found 20 arrows.
There is a stone staircase leading up here.
Unknown command.
Unknown command.
You climb upwards. 2 adders come into view.
Found 8 gold pieces.
There is a stone staircase leading down here.
Unknown command.
There are monsters nearby!
The helpless adder fails to defend itself.
You hit the adder.
The adder is heavily wounded.
The adder hisses angrily.
The adder completely misses you. The adder bites you.
* * * LOW HITPOINT WARNING * * *
The adder bites you.
* * * LOW HITPOINT WARNING * * *
The adder barely misses you.
You see here 8 gold pieces.
You closely miss the adder.
The adder is heavily wounded.
Unknown command.
You hit the adder but do no damage. You barely miss the adder.
The adder closely misses you. x2; The adder bites you.
* * * LOW HITPOINT WARNING * * *
The adder bites you but does no damage.
Unknown command.
You hit the adder but do no damage. You hit the adder.
The adder closely misses you. The adder bites you but does no damage.
Unknown command.
Unknown command.
You barely miss the adder. You closely miss the adder. The adder bites you.
You die...

.......# *
.......# * *
,......# *
..... , ^* ,
#...### , *
..... ,
#..####.# ,
####.......#.
* , ,
#@S..>.......
* ,*
*#S###########
,#... , , , *
#..## * *,
#..# ,#..# ,
,#..# * , #..#
* *


You could see 2 adders.

Vanquished Creatures
  A giant cockroach zombie (D:5)
1 creature vanquished.

Notes
Turn   | Place    | Note
-------+----------+-------------------------------------------
     0 | D:5      | dickylongcocking the Deep Dwarf Delver began the quest for
                  | the Orb.
     0 | D:5      | Reached XP level 1. HP: 20/20 MP: 1/1
    25 | D:5      | Found a staircase to the Ecumenical Temple.
    26 | D:5      | Noticed Blork the orc
    30 | Temple   | Entered the Ecumenical Temple
    39 | Temple   | Became a worshipper of Makhleb the Destroyer
   104 | D:5      | Noticed a worker ant
   136 | D:5      | Noticed a quasit
   138 | D:5      | Noticed a quasit
   138 | D:5      | Noticed a quasit
   150 | D:5      | Noticed a jelly
   182 | D:4      | HP: 1/20 [adder (2)]
   184 | D:4      | Slain by an adder

Illustrated notes

Levels and vault maps discovered:
D:4:      layout_basic
D:5:      cheibrodos_quashed, layout_basic, minmay_temple_entry_statues_pillars,
          uniq_edmund, uniq_blork_the_orc
Temple:   regret_index_temple_sigil_plot

Action                   || total
-------------------------++-------
Melee: Hand axe          ||    10
  Use: Potion            ||     2
       Scroll            ||     1
 Stab: Sleeping          ||     1
Armor: Leather armour    ||     5
Dodge: Dodged            ||    10

Table legend: (Time is in decaauts)
 A = Elapsed time spent in this place.
 B = Non-inter-level travel time spent in this place.
 C = Inter-level travel time spent in this place.
 D = Time resting spent in this place.
 E = Time spent auto-exploring this place.
 F = Levels seen in this place.
 G = Mean time per level.
                   A        B        C        D        E       F      G
               +--------+--------+--------+--------+--------+-----+--------+
         Total |    170 |    149 |     21 |     17 |     45 |   3 |   56.7 |
       Dungeon |    156 |    135 |     21 |     17 |     45 |   2 |   78.0 |
        Temple |     14 |     14 |      0 |      0 |      0 |   1 |   14.0 |
               +--------+--------+--------+--------+--------+-----+--------+

Top non-repeatable levels by time:
     D:5: 146 daAuts
  Temple: 14 daAuts
     D:4: 9 daAuts
